 Dungeon Crawl Stone Soup version 0.28.0-53-g5a82cb258f (webtiles) character file.

Game seed: 9142441563512787552

277 safid the Skirmisher (level 6, -3/56 HPs)
             Began as a Hill Orc Fighter on Aug 20, 2022.
             Slain by a gnoll
             ... wielding a +0 halberd
              (9 damage)
             ... on level 4 of the Dungeon.
             The game lasted 00:03:35 (3017 turns).

safid the Skirmisher (Hill Orc Fighter)             Turns: 3017, Time: 00:03:36

Health: -3/56      AC:  9    Str: 21    XL:     6   Next: 25%
Magic:  6/6        EV: 13    Int:  8    God:
Gold:   143        SH:  4    Dex: 10    Spells: 5/5 levels left

rFire   . . .      SeeInvis .   a - +0 war axe
rCold   . . .      Faith    .   c - +0 buckler
rNeg    . . .      Spirit   .   b - +0 scale mail
rPois   .          Reflect  .   r - +0 helmet
rElec   .          Harm     .   (no cloak)
rCorr   .          Rampage  .   i - +0 pair of gloves
Will    .....                   (no boots)
Stlth   ..........              (no amulet)
HPRegen 0.18/turn               q - +4 ring of evasion
MPRegen 0.10/turn               (no ring)

@: no status effects
A: no striking features
a: no special abilities


You were on level 4 of the Dungeon.
You visited 1 branch of the dungeon, and saw 4 of its levels.

You collected 143 gold pieces.

Inventory:

Hand Weapons
 a - a +0 war axe (weapon)
Armour
 b - a +0 scale mail (worn)
 c - a +0 buckler (worn)
 i - a +0 pair of gloves (worn)
 r - a +0 helmet (worn)
Jewellery
 o - a ring of fire
 q - a +4 ring of evasion (left hand)
Scrolls
 e - a scroll of brand weapon {unknown}
 g - a scroll of amnesia {unknown}
 h - 2 scrolls of teleportation {unknown}
 j - a scroll of identify {unknown}
 m - a scroll of blinking {unknown}
 n - 2 scrolls of immolation {unknown}
Potions
 d - a potion of might
 f - a potion of brilliance {unknown}
 k - 4 potions of berserk rage {unknown}
 l - 2 potions of curing {unknown}
 p - a potion of cancellation {unknown}
 s - a potion of degeneration {unknown}
 t - a potion of haste {unknown}


   Skills:
 + Level 5.1 Fighting
 + Level 4.8 Axes
 + Level 4.6 Armour
 + Level 4.7 Shields


You had 5 spell levels left.
You didn't know any spells.
Your spell library contained the following spells:

 Spells                   Type           Power      Damage    Failure   Level
 Ensorcelled Hibernation  Hex/Ice        0%         N/A       92%         2
 Passwall                 Tmut/Erth      0%         N/A       92%         2
 Gell's Gravitas          Tloc           0%         N/A       99%         3
 Lesser Beckoning         Tloc           0%         N/A       99%         3
 Swiftness                Air            0%         N/A       99%         3
 Teleport Other           Tloc           0%         N/A       99%         3


Dungeon Overview and Level Annotations

Branches:
Dungeon (4/15)
 Temple: D:4-7

Altars:
Fedhas


Message History

You are too injured to fight recklessly!
You are too injured to fight recklessly!
You are too injured to fight recklessly!
You are too injured to fight recklessly!
You are too injured to fight recklessly!
You are too injured to fight recklessly!
You are too injured to fight recklessly!
You are too injured to fight recklessly!
You are too injured to fight recklessly!
You are too injured to fight recklessly!
You are too injured to fight recklessly!
Unknown command.
You closely miss the gnoll shaman.
The gnoll shaman is severely wounded.
The gnoll shaman hits you with a +0 whip.
The gnoll hits you but does no damage.
The gnoll shaman hits you with a +0 whip!
* * * LOW HITPOINT WARNING * * *
You hit the gnoll shaman but do no damage.
The gnoll shaman is heavily wounded.
You block the gnoll's attack. The gnoll closely misses you.
The gnoll shaman utters an invocation to its god.
The gnoll shaman is healed somewhat.
You closely miss the gnoll shaman.
The gnoll shaman is moderately wounded.
The gnoll misses you. The gnoll closely misses you.
The gnoll shaman closely misses you.
You closely miss the gnoll shaman.
The gnoll shaman is moderately wounded.
The gnoll misses you. The gnoll shaman closely misses you.
You block the gnoll's attack.
Unknown command.
You hit the gnoll shaman.
The gnoll shaman is heavily wounded.
The gnoll hits you from afar with a +0 halberd!
* * * LOW HITPOINT WARNING * * *
The gnoll shaman prays to its god.
The gnoll shaman is healed somewhat.
The gnoll hits you from afar with a +0 halberd!
You die...

##.#.### .
......##.#
.#....#.# .......
..... ### g.. ...
#g##.#### #
#@)...... #
#..###### #
######..####### #
#.............# #
### #.####..#####.#
.###..
##..#####.###.#..#.
#..............#...
#.......#.#..#...#)
#..#.#..#..#...#...


You could see a gnoll shaman and a gnoll (fast).

Vanquished Creatures
  An ogre (D:4)
  A phantom (D:3)
  2 adders
  3 gnolls
  A dart slug (D:1)
  An orc (D:3)
  3 ball pythons
  10 bats
  7 endoplasms
  5 giant cockroaches
  5 goblins
  4 hobgoblins (D:1)
  8 jackals
  6 kobolds
  2 quokkas
  A frilled lizard (D:2)
  6 rats
66 creatures vanquished.

Notes
Turn   | Place    | Note
-------+----------+-------------------------------------------
     0 | D:1      | safid the Hill Orc Fighter began the quest for the Orb.
     0 | D:1      | Reached XP level 1. HP: 19/19 MP: 1/1
    75 | D:1      | Reached XP level 2. HP: 27/27 MP: 2/2
   397 | D:1      | Reached skill level 4 in Fighting
   502 | D:1      | Reached XP level 3. HP: 33/33 MP: 3/3
   934 | D:2      | Found a blossoming altar of Fedhas.
  1335 | D:2      | Reached XP level 4. HP: 25/40 MP: 4/4
  1936 | D:3      | Noticed a phantom
  1944 | D:3      | Killed a phantom
  1945 | D:3      | Reached XP level 5. HP: 29/47 MP: 5/5
  2928 | D:4      | Noticed an ogre
  2935 | D:4      | Killed an ogre
  2936 | D:4      | Reached skill level 5 in Fighting
  2936 | D:4      | Reached XP level 6. HP: 47/56 MP: 6/6
  3017 | D:4      | Slain by a gnoll

Illustrated notes

Levels and vault maps discovered:
D:1:      shiori_arrival_elements, layout_basic, serial_curves, eino_curves_03,
          eino_curves_03, minmay_pentomino_u2
D:2:      layout_basic, basic_altar, kennysheep_generic_room_16
D:3:      layout_loops_ring, grunt_ministairs_5
D:4:      layout_loops_ring, hex_large, minmay_misc_feat_five,
          minmay_goblin_kobold_house

Skill      XL: |  1  2  3  4  5 |
---------------+----------------+-----
Axes           | 3 4 |  4.8
Fighting       | 4 5 |  5.1
Shields        | 4 |  4.7
Armour         | 4 |  4.6

Action                   |  1- 3 |  4- 6 || total
-------------------------+-------+-------++-------
Melee: War axe           |    87 |    99 ||   186
Armor: Scale mail        |    40 |    50 ||    90
Dodge: Dodged            |    44 |    57 ||   101
Block: Buckler           |    21 |    28 ||    49
